 Dungeon Crawl Stone Soup version 0.30.0-11-gf55b779eaf (webtiles) character file.

Game seed: 14010827569554621297

13463 Jackthecabe the Fighter (level 12, -23/100 HPs)
             Began as a Djinni Fire Elementalist on May 16, 2023.
             Was a Believer of Makhleb.
             Annihilated by a skeletal warrior
             ... wielding a +0 halberd
              (26 damage)
             ... on level 11 of the Dungeon on May 17, 2023.
             The game lasted 00:29:24 (13518 turns).

Jackthecabe the Fighter (Djinni Fire Elementalist) Turns: 13518, Time: 00:29:25

Health: -23/100    AC:  9    Str:  7    XL:     12   Next: 33%
Gold:   658        EV: 12    Int: 27    God:    Makhleb [**....] SH:  0 Dex: 15

rFire   + + .        t - staff of cold {!a}
rCold   + . .        (no shield)
rNeg    + . .        O - +2 robe {rC+}
rPois   ∞            q - +0 helmet
rElec   .            o - +0 cloak
rCorr   .            m - +0 pair of gloves
SInv    .            (boots unavailable)
Will    +....        (no amulet)
Stlth   ++           I - +6 ring of intelligence
HPRegen 0.36/turn    N - ring of positive energy
MPRegen 0.00/turn

%: infuse magic (-24 HP)
@: flying
A: sickness immunity, fire resistance 2, cold vulnerability 1, float, innate
caster, HP casting, extra vitality 1
a: Renounce Religion, Minor Destruction


You were on level 11 of the Dungeon.
You worshipped Makhleb.
Makhleb was pleased with you.
You visited 2 branches of the dungeon, and saw 12 of its levels.

You collected 830 gold pieces.
You spent 172 gold pieces at shops.


Innate Abilities, Weirdness & Mutations

You are immune to sickness and miasma.
You are immune to poison.
Your flesh is very heat resistant. (rF++)
You are vulnerable to cold. (rC-)
You float through the air rather than walking.
You learn spells naturally, not from books.
Your magical power is your life essence.
You have superior vitality. (+4 MHP)


   Skills:
 - Level 14.0 Fighting
 + Level 9.4 Armour
 - Level 2.1 Dodging
 - Level 1.5 Stealth
 - Level 8.0 Spellcasting
 - Level 4.0 Evocations


You knew the following spells:

 Your Spells              Type           Power      Damage    Failure   Level
a - Apportation           Tloc           100%       N/A       1%          1
b - Vhi's Electric Charg  Tloc/Air       100%       N/A       1%          3
c - Ice Form              Ice/Tmut       69%        N/A       1%          4
f - Foxfire               Conj/Fire      100%       2x1d9     1%          1
o - Olgreb's Toxic Radia  Pois           52%        N/A       1%          4
p - Poisonous Vapours     Pois/Air       100%       N/A       1%          2
r - Inner Flame           Hex/Fire       52%        N/A       1%          3
X - Scorch                Fire           100%       2d9       1%          2
Y - Volatile Blastmotes   Fire/Tloc      100%       2d18      1%          3
Z - Flame Wave            Conj/Fire      52%        2d13      1%          4
Your spell library was empty.

Inventory:

Hand Weapons
 G - the +2 rapier of Disgust {freeze, Will- Int+8}
   (You found it on level 8 of the Dungeon)

   Int:       It affects your intelligence (+8).
   Will:      It decreases your willpower.
Missiles
 r - 2 throwing nets {=f}
Armour
 a - a +0 robe
 d - a +0 leather armour
 i - a +0 buckler
 m - a +0 pair of gloves (worn)
 o - a +0 cloak (worn)
 q - a +0 helmet (worn)
 A - the +0 robe "Sazxez" {Int+3}
   (You found it on level 5 of the Dungeon)

   Int:       It affects your intelligence (+3).
 J - a scarf of repulsion
 O - a +2 robe of cold resistance (worn)
Magical Staves
 t - a staff of cold (weapon) {!a}
Jewellery
 n - a ring of positive energy
 C - a ring of ice
 I - a +6 ring of intelligence (left hand)
 N - a ring of positive energy (right hand)
Wands
 f - a wand of mindburst (6)
 p - a wand of flame (45)
 u - a wand of digging (8)
 P - a wand of roots (8)
Scrolls
 e - 4 scrolls of enchant weapon
 g - 6 scrolls of teleportation {@r2}
 h - 5 scrolls of immolation
 j - 3 scrolls of identify {@r1}
 k - 3 scrolls of noise
 l - 4 scrolls of enchant armour
 v - a scroll of poison
 w - 2 scrolls of blinking
 y - 2 scrolls of fog
 K - a scroll of magic mapping {unknown}
 M - a scroll of silence {!r}
Potions
 b - 2 potions of berserk rage {!q}
 c - a potion of degeneration {unknown}
 s - 5 potions of curing {@q1}
 x - 2 potions of cancellation
 z - 2 potions of lignification
 B - a potion of resistance
 D - a potion of magic {unknown}
 E - a potion of might
 F - 2 potions of haste {unknown}
 H - a potion of mutation
 L - a potion of ambrosia {unknown}

Dungeon Overview and Level Annotations

Branches:
Dungeon (11/15)            Temple (1/1) D:7            Lair (0/5) D:11
    Orc (0/2) D:9

Altars:
Ashenzari
Cheibriados
Dithmenos
Elyvilon
Fedhas
Gozag
Hepliaklqana
Makhleb
Nemelex Xobeh
Okawaru
Qazlal
Ru
Trog
Uskayaw
Wu Jian
Xom
Yredelemnul
Zin
The Shining One

Shops:
D:4 ((??(   D:7 (   D:8 *

Annotations:
D:9 1 runed translucent door, nroviw's ghost, journeyman GnDe

..# #.##.................. ..###
#..........#.#.......#
....############...#..#.#.......#
........................#..##...#
..........######...#.z......#....
..................z.............#
###.#####.######.z.#....#.......#
#.. ...# #z#.........###...
################@###....#.## #.##
..........................# #.##
################.###.#....# #...
### #.##.#.# #### ########


You could see 3 skeletal warriors.


Message History

Press: ? - help, Dir - look around, f - activate A wave of flame ripples out!
The flame wave engulfs the skeletal warrior!
The skeletal warrior is burned terribly!
The skeletal warrior is moderately damaged. (Press . to intensify the flame waves.)
* * * LOW HITPOINT WARNING * * *
The skeletal warrior misses you.
A wave of flame ripples out!
The flame wave engulfs the skeletal warrior!!
The skeletal warrior is burned terribly!
The skeletal warrior is severely damaged.
The flame wave engulfs the skeletal warrior!
The skeletal warrior is moderately damaged.
* * * LOW HITPOINT WARNING * * *
The skeletal warrior barely misses you.
The skeletal warrior hits you from afar with a +0 halberd!
* * * LOW HITPOINT WARNING * * *
A wave of flame ripples out!
The flame wave engulfs the skeletal warrior.
The skeletal warrior is burned terribly!
The skeletal warrior is severely damaged.
The flame wave engulfs the skeletal warrior!
The skeletal warrior is moderately damaged.
* * * LOW HITPOINT WARNING * * *
You finish channelling waves of flame.
The skeletal warrior hits you with a +0 glaive.
* * * LOW HITPOINT WARNING * * *
The skeletal warrior hits you from afar with a +0 halberd!!
You die...

Skill      XL: |  1  2  3  4  5  6  7  8  9 10 11 12 |
---------------+-------------------------------------+-----
Fighting       | 1 2 3 4 13 14 | 14.0
Spellcasting   | 3 4 5 6 8 |  8.0
Evocations     | 1 4 |  4.0
Armour         | 7 9 |  9.4
Dodging        | |  2.1
Stealth        | |  1.5

Action                     |  1- 3 |  4- 6 |  7- 9 | 10-12 || total
---------------------------+-------+-------+-------+-------++-------
  Melee: Whip              |       |     2 |       |     1 ||     3
         Rapier            |       |       |       |    19 ||    19
         Punch             |       |       |       |     2 ||     2
   Cast: Foxfire           |   104 |   107 |    45 |    94 ||   350
         Scorch            |     5 |    27 |    68 |   104 ||   204
         Poisonous Vapours |       |     1 |     1 |    41 ||    43
         Flame Wave        |       |       |     8 |    12 ||    20
         Olgreb's Toxic Ra |       |       |     4 |    32 ||    36
         Inner Flame       |       |       |     1 |     7 ||     8
         Volatile Blastmot |       |       |       |     2 ||     2
    Use: Scroll            |       |       |    12 |     5 ||    17
         Potion            |       |       |     1 |     7 ||     8
 Armour: Robe              |     2 |       |     2 |    17 ||    21
         Leather armour    |       |     8 |    11 |       ||    19
  Dodge: Dodged            |     8 |    10 |    18 |    76 ||   112

Levels and vault maps discovered:
D:1:      dpeg_arrival_concentric_ovals, layout_basic, minmay_statues_item
D:2:      layout_basic, uniq_crazy_yiuf_cottage
D:3:      layout_basic, minmay_circle_x, uniq_terence
D:4:      layout_basic, regret_index_temple_of_mockery, serial_shops, shop,
          nicolae_shop_rolled_up, nicolae_shop_waterfront, shop_fountains,
          kennysheep_mini, dk_rats_in_the_wall, uniq_menkaure
D:5:      layout_loops_corners, okawaru_altar_gauntlet_db,
          chequers_decorated_corner, feat_on_display
D:6:      layout_loops_corners, grunt_dithmenos_smoke_and_mirrors,
          grunt_qazlal_sundering, hangedman_decor_clover_reticule,
          chequers_serial_rivers_micro_b, minmay_misc_feat_tiny, uniq_eustachio,
          uniq_blork_the_orc
D:7:      layout_basic, minmay_temple_entry_fiery, doesnt_shop_hydraphobe,
          uniq_pikel
D:8:      layout_basic, serial_shops, shop
D:9:      layout_rooms, hellmonk_ghost_happy_afterlife,
          hangedman_corner_corridor
D:10:     layout_grid_maze, mainiacjoe_overflow_alcove_1, uniq_fannar
D:11:     layout_basic, david_lair_generic, serial_glass, glass_columns_b,
          glass_columns_a, nrook_guardian_serpent_double
Temple:   kb_temple_of_zot

Notes
Turn   | Place    | Note
-------+----------+-------------------------------------------
     0 | D:1      | Jackthecabe the Djinni Fire Elementalist began the quest
                  | for the Orb.
     0 | D:1      | Jackthecabe set off with the following spells memorised:
                  | Foxfire, Scorch, Volatile Blastmotes, Inner Flame, Flame
                  | Wave.
     0 | D:1      | Reached XP level 1. HP: 15/15 MP: 0/0
   360 | D:1      | Reached XP level 2. HP: 20/22 MP: 0/0
   379 | D:1      | Reached skill level 1 in Fighting
   744 | D:1      | Reached XP level 3. HP: 23/27 MP: 0/0
   744 | D:1      | Learned a level 1 spell: Apportation
  1158 | D:2      | Found a runed translucent door.
  1159 | D:2      | Noticed Crazy Yiuf
  1236 | D:2      | Reached skill level 2 in Fighting
  1236 | D:2      | Reached skill level 3 in Spellcasting
  1479 | D:2      | Reached XP level 4. HP: 30/33 MP: 0/0
  1935 | D:2      | Killed Crazy Yiuf
  2084 | D:3      | Noticed Terence
  2141 | D:3      | Killed Terence
  2142 | D:3      | Reached XP level 5. HP: 26/40 MP: 0/0
  2142 | D:3      | Learned a level 2 spell: Poisonous Vapours
  2205 | D:3      | Reached skill level 3 in Fighting
  3135 | D:3      | Identified the +0 sling "Poreathigan" {speed, Dex+4}
  3338 | D:4      | Reached XP level 6. HP: 43/47 MP: 0/0
  3344 | D:4      | Reached skill level 4 in Spellcasting
  3398 | D:4      | Found Hyipnige's Antique Weapon Shoppe.
  3487 | D:4      | Reached skill level 4 in Fighting
  3542 | D:4      | Found Xic Duhu's Weapon Boutique.
  3563 | D:4      | Noticed a black bear
  3569 | D:4      | Killed a black bear
  3573 | D:4      | Noticed an ogre
  3585 | D:4      | Killed an ogre
  3586 | D:4      | Reached XP level 7. HP: 34/53 MP: 0/0
  3586 | D:4      | Learned a level 3 spell: Vhi's Electric Charge
  3753 | D:4      | Found Baishril's Magic Scroll Shop.
  3779 | D:4      | Noticed Menkaure
  3781 | D:4      | Killed Menkaure
  3782 | D:4      | Reached skill level 5 in Fighting
  3865 | D:4      | Found Vomamais's Weapon Shoppe.
  3929 | D:4      | Bought a scroll of identify for 20 gold pieces
  3929 | D:4      | Bought a scroll of identify for 20 gold pieces
  3929 | D:4      | Bought a scroll of fog for 40 gold pieces
  3929 | D:4      | Bought a scroll of identify for 20 gold pieces
  3984 | D:4      | Found Vir Myug's Magic Scroll Shoppe.
  3987 | D:4      | Bought a scroll of identify for 24 gold pieces
  3987 | D:4      | Bought a scroll of identify for 24 gold pieces
  3987 | D:4      | Bought a scroll of identify for 24 gold pieces
  3987 | D:4      | Identified a potion of experience
  3989 | D:4      | Reached skill level 13 in Fighting
  3989 | D:4      | Reached XP level 8. HP: 75/75 MP: 0/0
  4139 | D:4      | Found a shimmering altar of Xom.
  4140 | D:4      | Found a hazy altar of Hepliaklqana.
  4141 | D:4      | Noticed a spectral ugly thing
  4204 | D:5      | Entered Level 5 of the Dungeon
  4350 | D:5      | HP: 6/75 [phantom (5)]
  4576 | D:5      | Reached skill level 5 in Spellcasting
  4633 | D:5      | Reached XP level 9. HP: 76/80 MP: 0/0
  4633 | D:5      | Learned a level 4 spell: Olgreb's Toxic Radiance
  5080 | D:5      | Found an iron altar of Okawaru.
  5430 | D:5      | Identified the +0 robe "Sazxez" {Int+3}
  5795 | D:6      | Noticed a troll
  5810 | D:6      | Killed a troll
  5868 | D:6      | Found a stormy altar of Qazlal.
  5923 | D:6      | Noticed Blork the orc
  5927 | D:6      | Killed Blork the orc
  6080 | D:6      | Noticed Eustachio
  6088 | D:6      | Killed Eustachio
  6223 | D:6      | Reached skill level 14 in Fighting
  6228 | D:6      | Reached skill level 6 in Spellcasting
  6228 | D:6      | Reached XP level 10. HP: 57/88 MP: 0/0
  6536 | D:6      | Found a shadowy altar of Dithmenos.
  6662 | D:6      | Reached skill level 7 in Spellcasting
  7089 | D:7      | Found Pinwaikk's Hydra Hut.
  7157 | D:7      | Noticed a six-headed hydra
  7321 | D:7      | Noticed Pikel
  7324 | D:7      | Killed Pikel
  7548 | D:7      | Identified the +5 spear "Tyalohah" {venom, Dex+2}
  7898 | D:7      | Found a staircase to the Ecumenical Temple.
  8098 | Temple   | Entered the Ecumenical Temple
  8212 | Temple   | Became a worshipper of Makhleb the Destroyer
  8252 | D:8      | Found Bemocat's Assorted Antiques.
  8297 | D:8      | Identified a potion of resistance
  8365 | D:8      | Reached skill level 8 in Spellcasting
  8502 | D:8      | Reached skill level 1 in Evocations
  8507 | D:8      | Identified the +2 rapier of Disgust {freeze, Will- Int+8}
  8556 | D:8      | Reached XP level 11. HP: 72/94 MP: 0/0
  8556 | D:8      | Learned a level 4 spell: Ice Form
  8558 | D:8      | Reached skill level 2 in Evocations
  8780 | D:8      | Reached * piety under Makhleb
  8781 | D:8      | Reached skill level 3 in Evocations
  8831 | D:8      | You are sucked into a shaft and drop 2 floors!
  8831 | D:10     | Entered Level 10 of the Dungeon
  9009 | D:10     | Reached skill level 4 in Evocations
  9132 | D:9      | Reached skill level 1 in Armour
  9143 | D:9      | HP: 9/94 [something (20)]
  9149 | D:9      | Reached skill level 2 in Armour
  9536 | D:9      | Reached skill level 3 in Armour
  9543 | D:9      | Reached skill level 4 in Armour
 10008 | D:9      | Noticed nroviw's ghost (journeyman GnDe)
 10024 | D:9      | Found a runed translucent door.
 10175 | D:9      | Reached skill level 5 in Armour
 10201 | D:9      | Found a staircase to the Orcish Mines.
 10523 | D:10     | Reached ** piety under Makhleb
 10565 | D:10     | Noticed Fannar
 10579 | D:10     | Killed Fannar
 10580 | D:10     | Reached skill level 6 in Armour
 11084 | D:10     | Reached skill level 7 in Armour
 11772 | D:11     | Reached XP level 12. HP: 87/100 MP: 0/0
 11781 | D:11     | Reached skill level 8 in Armour
 11881 | D:11     | Found a staircase to the Lair.
 11954 | D:11     | HP: 2/100 [efreet/+2 scimitar of flaming (19)]
 12403 | D:11     | Reached skill level 9 in Armour
 12659 | D:11     | Noticed a skeletal warrior
 12659 | D:11     | Noticed a skeletal warrior
 13167 | D:11     | Noticed a skeletal warrior
 13168 | D:11     | Noticed a skeletal warrior
 13517 | D:11     | HP: 9/100 [skeletal warrior/+0 halberd (15)]
 13518 | D:11     | HP: 3/100 [skeletal warrior/+0 glaive (6)]
 13518 | D:11     | Annihilated by a skeletal warrior

Vanquished Creatures
  Fannar (D:10)
  Pikel (D:7)
  A cyclops (D:11)
  A manticore (D:11)
  An elephant (D:11)
  A guardian serpent (D:11)
  An efreet (D:11)
  2 komodo dragons
  5 trolls
  A wraith (D:10)
  Eustachio (D:6)
  3 shadows
  A basilisk (D:11)
  A wyvern (D:11)
  17 yaks
  4 vampire mosquitoes
  Menkaure (D:4)
  2 water moccasins
  3 black bears
  2 ice beasts
  4 orc warriors
  2 sky beasts
  2 ogres
  3 centaurs
  2 phantoms
  2 lemures (D:7)
  Blork the orc (D:6)
  5 kobold brigands
  3 bullfrogs
  2 scorpions
  5 wights (D:8)
  16 killer bees
  2 electric eels (D:8)
  2 howler monkeys (D:9)
  2 jellies
  Crazy Yiuf (D:2)
  2 hounds
  An orc priest (D:7)
  2 gnoll boudas
  2 sleepcaps (D:5)
  Terence (D:3)
  3 iguanas
  8 orc wizards
  10 gnolls
  12 adders
  2 shadow imps
  An ufetubus (D:7)
  A worm (D:3)
  5 dart slugs
  35 orcs
  8 endoplasms
  4 giant cockroaches
  4 hobgoblins
  8 jackals
  6 quokkas
  6 ball pythons
  7 bats
  A frilled lizard (D:3)
  4 goblins (D:3)
  30 kobolds
  6 rats
273 creatures vanquished.

Vanquished Creatures (others)
  578 foxfires
578 creatures vanquished.

Grand Total: 851 creatures vanquished

Table legend: (Time is in decaauts)
 A = Elapsed time spent in this place.
 B = Non-inter-level travel time spent in this place.
 C = Inter-level travel time spent in this place.
 D = Time resting spent in this place.
 E = Time spent auto-exploring this place.
 F = Levels seen in this place.
 G = Mean time per level.
                   A        B        C        D        E       F      G
               +--------+--------+--------+--------+--------+-----+--------+
         Total |  13527 |  12732 |    795 |   1494 |   9359 |  12 | 1127.2 |
       Dungeon |  13395 |  12640 |    755 |   1494 |   9279 |  11 | 1217.7 |
        Temple |    131 |     91 |     40 |      0 |     80 |   1 |  131.0 |
               +--------+--------+--------+--------+--------+-----+--------+

Top non-repeatable levels by time:
    D:10: 2001 daAuts
     D:6: 1349 daAuts
    D:11: 1324 daAuts
     D:5: 1262 daAuts
     D:2: 1246 daAuts
     D:8: 1160 daAuts
     D:3: 1130 daAuts
     D:4: 1126 daAuts
     D:7: 1086 daAuts
     D:1: 919 daAuts
     D:9: 788 daAuts
  Temple: 131 daAuts

Table legend:
 A = Non-vault XP
 B = Vault XP
 C = Vault XP percentage of total XP
 D = Non-vault monster count
 E = Vault monster count
 F = Vault count percentage of total count
                 A         B        C        D         E       F
            +---------+---------+-------+---------+---------+-------
      Total |   14802 |    3612 |  19.6 |     248 |      23 |   8.5
            +---------+---------+-------+---------+---------+-------
        D:1 |      31 |       0 |   0.0 |      16 |       0 |   0.0
        D:2 |      42 |      45 |  51.7 |      15 |       1 |   6.2
        D:3 |      66 |      70 |  51.5 |      23 |       6 |  20.7
        D:4 |     545 |     172 |  24.0 |      27 |       1 |   3.6
        D:5 |     715 |      25 |   3.4 |      23 |       6 |  20.7
        D:6 |    2480 |     302 |  10.9 |      22 |       2 |   8.3
        D:7 |    1177 |     651 |  35.6 |      24 |       1 |   4.0
        D:8 |    1620 |       0 |   0.0 |      34 |       0 |   0.0
        D:9 |    2557 |       0 |   0.0 |      30 |       0 |   0.0
       D:10 |    2430 |     894 |  26.9 |      18 |       1 |   5.3
       D:11 |    3139 |    1453 |  31.6 |      16 |       5 |  23.8
            +---------+---------+-------+---------+---------+-------
